 Dungeon Crawl Stone Soup version 0.29.0-4-gdea44cf6ec (webtiles) character file.

Game seed: 212430638631649125

6535 qw the Grappler (level 10, -1/98 HPs)
             Began as a Troll Cinder Acolyte on Aug 30, 2022.
             Was a Priest of Ignis.
             Slain by a two-headed ogre
             ... wielding a +0 giant spiked club
              (12 damage)
             ... on level 9 of the Dungeon.
             The game lasted 00:03:59 (8656 turns).

qw the Grappler (Troll Cinder Acolyte)              Turns: 8656, Time: 00:04:00

Health: -1/98      AC: 18    Str: 28    XL:     10   Next: 69%
Magic:  9/9        EV:  8    Int: 10    God:    Ignis [***...]
Gold:   433        SH:  0    Dex:  5    Spells: 11/11 levels left

rFire   + . .      SeeInvis .     - Unarmed
rCold   . . .      Faith    .   (no shield)
rNeg    . . .      Spirit   .   l - +0 swamp dragon scales
rPois   +          Reflect  .   (helmet restricted)
rElec   .          Harm     .   c - +0 cloak
rCorr   .          Rampage  .   (gloves unavailable)
Will    .....      Clarity  +   (boots unavailable)
Stlth   ..........              (no amulet)
HPRegen 1.06/turn               (no ring)
MPRegen 0.11/turn               (no ring)

@: fiery-armoured
A: large, unfitting armour, claws 3, regeneration 1, shaggy fur 1, tough skin 1,
clarity, low MP 1, MP-powered wands
a: Renounce Religion, Fiery Armour, Foxfire Swarm, Rising Flame


You were on level 9 of the Dungeon.
You worshipped Ignis.
Ignis was most pleased with you.
You visited 1 branch of the dungeon, and saw 9 of its levels.

You collected 433 gold pieces.


Innate Abilities, Weirdness & Mutations

You are too large for most types of armour.
You have claws for hands.
Your natural rate of healing is unusually fast.
You are covered in fur. (AC +1)
You have tough skin. (AC +1)
You possess an exceptional clarity of mind.
Your magical capacity is low. (-10% MP)
You expend magic power (3 MP) to strengthen your wands.


   Skills:
 - Level 6.0 Fighting
 - Level 1.0 Throwing
 - Level 3.0 Armour
 - Level 1.2 Dodging
 + Level 14.4 Unarmed Combat
 - Level 1.0 Spellcasting
 - Level 2.1 Fire Magic


You had 11 spell levels left.
You didn't know any spells.
Your spell library contained the following spells:

 Spells                   Type           Power      Damage    Failure   Level
 Scorch                   Fire           8%         2d5       30%         2

Inventory:

Missiles
 g - a boomerang (quivered)
Armour
 c - a +0 cloak (worn)
 l - +0 swamp dragon scales (worn)
Scrolls
 d - 7 scrolls of identify
 i - a scroll of enchant weapon
 j - a scroll of brand weapon
Potions
 b - 4 potions of curing
 f - 3 potions of cancellation
 k - 2 potions of mutation

Dungeon Overview and Level Annotations

Branches:
Dungeon (9/15)             Temple (0/1) D:4
   Lair: D:8-11         Orc: D:9-12

Altars:
Cheibriados
Elyvilon
Gozag
Hepliaklqana
Kikubaaqudgha
Okawaru
Sif Muna
Xom
Yredelemnul
Zin

Shops:
D:2 (   D:5 (   D:6 :

Annotations:
D:5 2 transporters, qw's ghost, novice TeWr
D:7 3 runed translucent doors, qw's ghost, novice TeWr; qw's ghost, novice TrCA


Message History

The acid dragon barely misses you.
You scratch the acid dragon but do no damage.
The acid dragon is severely wounded.
The acid dragon closely misses you.
The acid dragon claws you but does no damage.
You barely miss the acid dragon. You claw the acid dragon.
The acid dragon is almost dead.
You mangle the acid dragon!!
You kill the acid dragon!
You scratch the two-headed ogre.
The two-headed ogre is lightly wounded.
The two-headed ogre hits you with a +0 giant spiked club!!!
The two-headed ogre barely misses you.
8651 ||| INVOKING Fiery Armour.
A protective cloak of flame settles atop you.
You barely miss the two-headed ogre.
A hornet comes into view.
The two-headed ogre hits you with a +0 giant spiked club!!
The two-headed ogre is burned by your cloak of flames.
The two-headed ogre is lightly wounded.
The two-headed ogre hits you with a +0 giant club.
The two-headed ogre is burned by your cloak of flames.
The two-headed ogre is lightly wounded.
You claw the two-headed ogre!
The two-headed ogre is moderately wounded.
You scratch the two-headed ogre.
The two-headed ogre is moderately wounded.
The two-headed ogre barely misses you.
The two-headed ogre hits you with a +0 giant club.
The two-headed ogre is burned by your cloak of flames.
The two-headed ogre is heavily wounded.
You closely miss the two-headed ogre.
The two-headed ogre is heavily wounded.
You claw the two-headed ogre! x2
The two-headed ogre is almost dead.
The two-headed ogre hits you with a +0 giant spiked club!
The two-headed ogre is burned by your cloak of flames.
The two-headed ogre is almost dead.
The two-headed ogre hits you with a +0 giant club!
You die...

...........# ###.# .
...####.#### #...# .#
......#...## #.### #.
............###.## .
.###.#...........##.#
... .# .......)%..#.#
###...
#............###..
.......[....$.......
.........@..y.....
###.#####O#####.##
..( ... #.. .###. .#
.. .. .# #[ .. (# .#
#


You could see a two-headed ogre and a hornet.

Vanquished Creatures
  A boulder beetle (D:8)
  Joseph (D:8)
  Maggie (D:8)
  2 trolls (D:9)
  A hornet (D:9)
  2 wyverns
  4 yaks (D:9)
  A steam dragon (D:8)
  Eustachio (D:4)
  Grum (D:8)
  Edmund (D:4)
  An acid dragon (D:9)
  3 water moccasins
  2 sky beasts (D:7)
  An ice beast (D:4)
  A black bear (D:4)
  2 wolves (D:8)
  An ogre (D:4)
  2 centaurs
  A kobold brigand (D:9)
  4 bullfrogs
  2 scorpions (D:5)
  9 wights
  4 killer bees (D:7)
  A howler monkey (D:5)
  4 crimson imps (D:8)
  A jelly (D:7)
  A gnoll bouda (D:7)
  An orc priest (D:3)
  4 hounds
  Crazy Yiuf (D:2)
  4 iguanas
  Jessica (D:3)
  Natasha (thrice) (D:2)
  4 orc wizards
  Robin (D:2)
  8 gnolls
  4 adders
  5 river rats (D:6)
  2 white imps
  2 worms
  3 dart slugs
  26 orcs
  6 ball pythons
  6 endoplasms
  A giant cockroach (D:4)
  12 goblins
  8 hobgoblins
  4 jackals (D:2)
  5 kobolds
  3 quokkas (D:4)
  7 bats
  2 frilled lizards
  17 rats
196 creatures vanquished.

Vanquished Creatures (others)
  A human (D:7)
1 creature vanquished.

Grand Total: 197 creatures vanquished

Notes
Turn   | Place    | Note
-------+----------+-------------------------------------------
     0 | D:1      | qw the Troll Cinder Acolyte began the quest for the Orb.
     0 | D:1      | Reached XP level 1. HP: 22/22 MP: 1/1
     0 | D:1      | 0 ||| qw: Version: 0.1-a-95-gae9e614
     0 | D:1      | 0 ||| qw: Game counter: 4448
     0 | D:1      | 0 ||| qw: Always use a shield: true
     0 | D:1      | 0 ||| qw: God list: Okawaru
     0 | D:1      | 0 ||| qw: Allow faded altars: false
     0 | D:1      | 0 ||| qw: Do Orc after D:15 true
     0 | D:1      | 0 ||| qw: Do second Lair branch before Depths: true
     0 | D:1      | 0 ||| qw: Lair rune preference: random
     0 | D:1      | 0 ||| qw: Plans: Normal
     0 | D:1      | 0 ||| PLANNING D:1-11
    69 | D:1      | 69 ||| Stepping ~*~*~tactically~*~*~ (stealth).
    70 | D:1      | 70 ||| Stepping ~*~*~tactically~*~*~ (stealth).
    72 | D:1      | 72 ||| Stepping ~*~*~tactically~*~*~ (hiding).
   295 | D:1      | Reached XP level 2. HP: 26/29 MP: 2/2
   909 | D:1      | Reached skill level 4 in Unarmed Combat
   914 | D:1      | 914 ||| DROPPING ring of wizardry.
   915 | D:1      | 915 ||| READING scroll labelled TAQOIMEPNI.
   916 | D:1      | 916 ||| READING 2 scrolls labelled TAEFUN IJYIC.
   921 | D:1      | 921 ||| READING 2 scrolls labelled GIKKIJ ERISYPP.
   947 | D:2      | Found Akhietz's Weapon Shop.
  1038 | D:2      | Found a basalt altar of Yredelemnul.
  1058 | D:2      | 1058 ||| READING 2 scrolls of identify.
  1058 | D:2      | 1058 ||| IDENTIFYING golden potion
  1066 | D:2      | Reached XP level 3. HP: 29/36 MP: 3/3
  1199 | D:2      | Found a runed translucent door.
  1200 | D:2      | Noticed Crazy Yiuf
  1293 | D:2      | Found a faded altar of an unknown god.
  1314 | D:2      | Identified the +1 spear of the Distant Future {holy, rN+
                  | Will+ Int+5}
  1658 | D:2      | Noticed Natasha
  1660 | D:2      | 1660 ||| FLEEEEING.
  1661 | D:2      | 1661 ||| FLEEEEING.
  1662 | D:2      | 1662 ||| FLEEEEING.
  1663 | D:2      | 1663 ||| FLEEEEING.
  1664 | D:2      | 1664 ||| FLEEEEING.
  1672 | D:2      | Killed Natasha
  1673 | D:2      | Reached skill level 5 in Unarmed Combat
  1673 | D:2      | Reached XP level 4. HP: 29/44 MP: 4/4
  1893 | D:2      | 1893 ||| Stepping ~*~*~tactically~*~*~ (stealth).
  1895 | D:2      | 1895 ||| Stepping ~*~*~tactically~*~*~ (hiding).
  1902 | D:2      | 1902 ||| Stepping ~*~*~tactically~*~*~ (outnumbered).
  1915 | D:2      | 1915 ||| INVOKING Fiery Armour.
  1916 | D:2      | Noticed Robin
  1932 | D:2      | Killed Robin
  1952 | D:2      | Noticed Natasha
  1953 | D:2      | 1953 ||| Stepping ~*~*~tactically~*~*~ (hiding).
  1964 | D:2      | Killed Natasha
  2089 | D:2      | Noticed Natasha
  2095 | D:2      | Killed Natasha
  2096 | D:2      | Reached XP level 5. HP: 46/50 MP: 5/5
  2111 | D:2      | 2111 ||| READING scroll labelled KOZOLIAMMA.
  2112 | D:2      | 2112 ||| DRINKING 3 coppery potions.
  2158 | D:2      | 2158 ||| READING 3 scrolls of identify.
  2158 | D:2      | 2158 ||| IDENTIFYING fizzy orange potion
  2159 | D:2      | 2159 ||| READING 2 scrolls of identify.
  2159 | D:2      | 2159 ||| IDENTIFYING white potion
  2160 | D:2      | 2160 ||| DROPPING 2 potions of lignification.
  2161 | D:2      | 2161 ||| DROPPING potion of brilliance.
  2162 | D:2      | 2162 ||| DROPPING potion of attraction.
  2163 | D:2      | 2163 ||| DROPPING potion of magic.
  2302 | D:2      | 2302 ||| READING scroll of teleportation.
  2386 | D:3      | 2386 ||| FLEEEEING.
  2511 | D:3      | 2511 ||| FLEEEEING.
  2512 | D:3      | 2512 ||| FLEEEEING.
  2513 | D:3      | 2513 ||| FLEEEEING.
  2514 | D:3      | 2514 ||| FLEEEEING.
  2515 | D:3      | 2515 ||| FLEEEEING.
  2516 | D:3      | 2516 ||| FLEEEEING.
  2517 | D:3      | 2517 ||| FLEEEEING.
  2519 | D:3      | 2519 ||| FLEEEEING.
  2520 | D:3      | 2520 ||| FLEEEEING.
  2520 | D:3      | HP: 11/50 [poisoned by a kobold]
  2524 | D:3      | 2524 ||| STAIRDANCE
  2525 | D:2      | HP: 10/50 [poisoned by a kobold]
  2570 | D:2      | 2570 ||| UPGRADING to +0 cloak.
  2582 | D:3      | 2582 ||| STAIRDANCE
  2642 | D:3      | Noticed Jessica
  2644 | D:3      | 2644 ||| Stepping ~*~*~tactically~*~*~ (hiding).
  2645 | D:3      | 2645 ||| Stepping ~*~*~tactically~*~*~ (hiding).
  2649 | D:3      | 2649 ||| INVOKING Fiery Armour.
  2650 | D:3      | Killed Jessica
  2651 | D:3      | Reached skill level 6 in Unarmed Combat
  2651 | D:3      | 2651 ||| Stepping ~*~*~tactically~*~*~ (outnumbered).
  2654 | D:3      | 2654 ||| Stepping ~*~*~tactically~*~*~ (outnumbered).
  2656 | D:3      | 2656 ||| Stepping ~*~*~tactically~*~*~ (outnumbered).
  2711 | D:3      | 2711 ||| Stepping ~*~*~tactically~*~*~ (hiding).
  2756 | D:3      | 2756 ||| Stepping ~*~*~tactically~*~*~ (stealth).
  2758 | D:3      | 2758 ||| Stepping ~*~*~tactically~*~*~ (stealth).
  2764 | D:3      | 2764 ||| Stepping ~*~*~tactically~*~*~ (stealth).
  2767 | D:3      | 2767 ||| Stepping ~*~*~tactically~*~*~ (hiding).
  3082 | D:3      | 3082 ||| DRINKING 2 black potions.
  3187 | D:2      | 3187 ||| Stepping randomly (stuck).
  3193 | D:2      | Killed Crazy Yiuf
  3194 | D:2      | Reached XP level 6. HP: 38/59 MP: 6/6
  3593 | D:4      | Noticed Edmund
  3602 | D:4      | Killed Edmund
  3603 | D:4      | Reached skill level 7 in Unarmed Combat
  3603 | D:4      | 3603 ||| STAIRDANCE
  3616 | D:4      | 3616 ||| Stepping ~*~*~tactically~*~*~ (stealth).
  3617 | D:4      | 3617 ||| Stepping ~*~*~tactically~*~*~ (stealth).
  3618 | D:4      | 3618 ||| Stepping ~*~*~tactically~*~*~ (stealth).
  3622 | D:4      | 3622 ||| Stepping ~*~*~tactically~*~*~ (stealth).
  3718 | D:4      | Found a staircase to the Ecumenical Temple.
  3788 | D:4      | Found a basalt altar of Yredelemnul.
  3847 | D:4      | Noticed an ice beast
  3855 | D:4      | Killed an ice beast
  3856 | D:4      | Reached skill level 8 in Unarmed Combat
  3856 | D:4      | Reached XP level 7. HP: 42/66 MP: 7/7
  3955 | D:4      | Reached skill level 3 in Fighting
  3967 | D:4      | Noticed Eustachio
  3969 | D:4      | 3969 ||| Stepping ~*~*~tactically~*~*~ (stealth).
  3976 | D:4      | Killed Eustachio
  3984 | D:4      | 3984 ||| FLEEEEING.
  3985 | D:4      | 3985 ||| FLEEEEING.
  3986 | D:4      | 3986 ||| FLEEEEING.
  4006 | D:4      | 4006 ||| Stepping ~*~*~tactically~*~*~ (stealth).
  4061 | D:4      | 4061 ||| Stepping ~*~*~tactically~*~*~ (outnumbered).
  4063 | D:4      | 4063 ||| Stepping ~*~*~tactically~*~*~ (outnumbered).
  4070 | D:4      | Found a snail-covered altar of Cheibriados.
  4070 | D:4      | Found an iron altar of Okawaru.
  4070 | D:4      | Found a glowing silver altar of Zin.
  4220 | D:4      | Reached skill level 9 in Unarmed Combat
  4268 | D:4      | Reached skill level 1 in Throwing
  4411 | D:4      | 4411 ||| READING scroll labelled SOPNOUL VORUE.
  4412 | D:4      | 4412 ||| READING 2 scrolls of identify.
  4412 | D:4      | 4412 ||| IDENTIFYING murky red potion
  4413 | D:4      | 4413 ||| DROPPING potion of degeneration.
  4440 | D:5      | Entered Level 5 of the Dungeon
  4489 | D:5      | Found Robb's Weapon Shop.
  4496 | D:5      | Reached skill level 1 in Dodging
  4496 | D:5      | Reached XP level 8. HP: 75/75 MP: 8/8
  4514 | D:5      | Noticed qw's ghost (novice TeWr)
  4533 | D:5      | Found a transporter.
  4538 | D:5      | Found a transporter.
  4699 | D:5      | 4699 ||| Stepping ~*~*~tactically~*~*~ (hiding).
  4927 | D:5      | Found a white marble altar of Elyvilon.
  5025 | D:5      | 5025 ||| READING scroll labelled MOEDASSOCHECH.
  5026 | D:5      | 5026 ||| READING scroll labelled ECUOCU ROSHEPNIGA.
  5027 | D:5      | 5027 ||| DRINKING 2 murky blue potions.
  5028 | D:5      | 5028 ||| DRINKING 2 lumpy purple potions.
  5028 | D:5      | Gained mutation: You possess an exceptional clarity of
                  | mind. [potion of mutation]
  5028 | D:5      | Gained mutation: Your magical capacity is low. (-10% MP)
                  | [potion of mutation]
  5028 | D:5      | Gained mutation: You expend magic power (3 MP) to
                  | strengthen your wands. [potion of mutation]
  5029 | D:5      | 5029 ||| DROPPING potion of invisibility.
  5216 | D:6      | Reached skill level 10 in Unarmed Combat
  5248 | D:6      | 5248 ||| Stepping ~*~*~tactically~*~*~ (stealth).
  5254 | D:6      | 5254 ||| Stepping ~*~*~tactically~*~*~ (outnumbered).
  5275 | D:6      | Found Fiebael's Book Shoppe.
  5364 | D:6      | 5364 ||| INVOKING Fiery Armour.
  5370 | D:6      | 5370 ||| Stepping ~*~*~tactically~*~*~ (outnumbered).
  5371 | D:6      | 5371 ||| Stepping ~*~*~tactically~*~*~ (outnumbered).
  5372 | D:6      | 5372 ||| Stepping ~*~*~tactically~*~*~ (outnumbered).
  5661 | D:6      | 5661 ||| Stepping ~*~*~tactically~*~*~ (hiding).
  5744 | D:6      | 5744 ||| Stepping ~*~*~tactically~*~*~ (hiding).
  5763 | D:6      | 5763 ||| Stepping ~*~*~tactically~*~*~ (hiding).
  5766 | D:6      | 5766 ||| Stepping ~*~*~tactically~*~*~ (outnumbered).
  5777 | D:6      | 5777 ||| FLEEEEING.
  5778 | D:6      | 5778 ||| FLEEEEING.
  5779 | D:6      | 5779 ||| FLEEEEING.
  5780 | D:6      | 5780 ||| FLEEEEING.
  5781 | D:6      | 5781 ||| FLEEEEING.
  5782 | D:6      | 5782 ||| FLEEEEING.
  5783 | D:6      | 5783 ||| FLEEEEING.
  5784 | D:6      | 5784 ||| FLEEEEING.
  5785 | D:6      | 5785 ||| FLEEEEING.
  5786 | D:6      | 5786 ||| FLEEEEING.
  5787 | D:6      | 5787 ||| FLEEEEING.
  5788 | D:6      | 5788 ||| FLEEEEING.
  5789 | D:6      | 5789 ||| FLEEEEING.
  5790 | D:6      | 5790 ||| FLEEEEING.
  5791 | D:6      | 5791 ||| FLEEEEING.
  5792 | D:6      | 5792 ||| FLEEEEING.
  5793 | D:6      | 5793 ||| FLEEEEING.
  5794 | D:6      | 5794 ||| FLEEEEING.
  5796 | D:6      | 5796 ||| FLEEEEING.
  5797 | D:6      | 5797 ||| FLEEEEING.
  5798 | D:6      | 5798 ||| FLEEEEING.
  5799 | D:6      | 5799 ||| FLEEEEING.
  5800 | D:6      | 5800 ||| FLEEEEING.
  5842 | D:6      | 5842 ||| READING 2 scrolls labelled DUFO VOAME UNE.
  5922 | D:7      | Found a runed translucent gate.
  5922 | D:7      | Found a runed translucent gate.
  5923 | D:7      | Found a runed translucent gate.
  5949 | D:7      | 5949 ||| INVOKING Fiery Armour.
  5952 | D:7      | HP: 19/78 [poisoned by a killer bee]
  5953 | D:7      | 5953 ||| READING 4 scrolls of teleportation.
  5954 | D:7      | 5954 ||| DRINKING 3 potions of heal wounds.
  5956 | D:7      | 5956 ||| DRINKING 2 potions of heal wounds.
  5958 | D:7      | Found an opulent altar of Gozag.
  6068 | D:7      | 6068 ||| Stepping ~*~*~tactically~*~*~ (outnumbered).
  6071 | D:7      | 6071 ||| Stepping ~*~*~tactically~*~*~ (outnumbered).
  6076 | D:7      | Reached skill level 11 in Unarmed Combat
  6094 | D:7      | 6094 ||| INVOKING Fiery Armour.
  6096 | D:7      | Reached XP level 9. HP: 41/82 MP: 8/8
  6147 | D:7      | Identified the +9 sling "Byssuexa" {flame, Dex+3}
  6211 | D:7      | Found an ancient bone altar of Kikubaaqudgha.
  6660 | D:7      | Noticed qw's ghost (novice TrCA)
  6660 | D:7      | Noticed qw's ghost (novice TeWr)
  6660 | D:7      | Noticed qw's ghost (novice TeWr)
  6697 | D:7      | Reached skill level 12 in Unarmed Combat
  6908 | D:7      | 6908 ||| READING 3 scrolls of teleportation.
  7288 | D:8      | 7288 ||| Stepping ~*~*~tactically~*~*~ (stealth).
  7289 | D:8      | 7289 ||| Stepping ~*~*~tactically~*~*~ (stealth).
  7500 | D:8      | Noticed a boulder beetle
  7501 | D:8      | 7501 ||| INVOKING Fiery Armour.
  7507 | D:8      | Killed a boulder beetle
  7508 | D:8      | Reached skill level 13 in Unarmed Combat
  7552 | D:8      | Found a shimmering blue altar of Sif Muna.
  7555 | D:8      | Noticed Grum
  7562 | D:8      | Reached skill level 1 in Armour
  7564 | D:8      | Reached XP level 10. HP: 42/96 MP: 9/9
  7567 | D:8      | HP: 16/96 [Grum/+0 glaive (11)]
  7568 | D:8      | 7568 ||| READING 2 scrolls of teleportation.
  7569 | D:8      | 7569 ||| DRINKING 3 potions of heal wounds.
  7570 | D:8      | 7570 ||| DRINKING 2 potions of heal wounds.
  7571 | D:8      | Killed Grum
  7572 | D:8      | Noticed Joseph
  7576 | D:8      | HP: 17/96 [Joseph/+0 quarterstaff (11)]
  7577 | D:8      | 7577 ||| READING scroll of teleportation.
  7578 | D:8      | 7578 ||| DRINKING potion of heal wounds.
  7581 | D:8      | HP: 23/96 [Joseph/+0 quarterstaff (12)]
  7582 | D:8      | Killed Joseph
  7741 | D:8      | Found a shimmering altar of Xom.
  7769 | D:8      | 7769 ||| Stepping ~*~*~tactically~*~*~ (hiding).
  7770 | D:8      | 7770 ||| Stepping ~*~*~tactically~*~*~ (hiding).
  7884 | D:8      | 7884 ||| Stepping ~*~*~tactically~*~*~ (stealth).
  7920 | D:8      | 7920 ||| Stepping ~*~*~tactically~*~*~ (stealth).
  7922 | D:8      | 7922 ||| Stepping ~*~*~tactically~*~*~ (stealth).
  8095 | D:8      | Noticed Maggie
  8104 | D:8      | Killed Maggie
  8359 | D:8      | Reached skill level 14 in Unarmed Combat
  8373 | D:8      | 8373 ||| UPGRADING to +1 animal skin.
  8383 | D:8      | 8383 ||| DROPPING +0 robe.
  8384 | D:8      | 8384 ||| UPGRADING to +0 swamp dragon scales.
  8394 | D:8      | 8394 ||| DROPPING +1 animal skin.
  8395 | D:8      | 8395 ||| READING scroll labelled DECLEPN KEGAON.
  8396 | D:8      | 8396 ||| READING 8 scrolls of identify.
  8396 | D:8      | 8396 ||| IDENTIFYING puce potion
  8397 | D:8      | 8397 ||| DROPPING potion of flight.
  8523 | D:9      | Found a hazy altar of Hepliaklqana.
  8582 | D:9      | Reached skill level 3 in Armour
  8599 | D:9      | Reached skill level 6 in Fighting
  8620 | D:9      | 8620 ||| Stepping ~*~*~tactically~*~*~ (outnumbered).
  8621 | D:9      | 8621 ||| Stepping ~*~*~tactically~*~*~ (outnumbered).
  8641 | D:9      | 8641 ||| Stepping ~*~*~tactically~*~*~ (hiding).
  8643 | D:9      | Noticed a two-headed ogre
  8651 | D:9      | 8651 ||| INVOKING Fiery Armour.
  8652 | D:9      | HP: 22/98 [two-headed ogre/+0 giant spiked club (24)]
  8656 | D:9      | Slain by a two-headed ogre

Levels and vault maps discovered:
D:1:      lightli_arrival_maybe_door_vault, layout_loops_corners
D:2:      layout_loops_ring, basic_altar, hellmonk_ecumenical_altar_dog_temple,
          serial_co_window_serial, co_window_of_opportunity_a,
          co_window_paths_b, co_window_paths_a, co_window_paths_b,
          co_window_corner_a, co_window_paths_c, co_window_corner_b,
          co_window_broadway_a, co_window_of_opportunity_b,
          co_window_unsneaky_path_a, co_window_broadway_b, glass_columns_c,
          glass_columns_a, glass_columns_b, glass_columns_a, glass_columns_b,
          serial_shops, nicolae_shop_hallway_stairs, kennysheep_generic_room_7,
          uniq_crazy_yiuf_cottage, uniq_robin, uniq_natasha
D:3:      layout_basic, lightli_corner_chamber, uniq_jessica
D:4:      layout_loops_ring, mainiacjoe_overflow_cross_hatched,
          gammafunk_temple_overflow_claw, minmay_temple_entry_drinking_statues,
          minmay_circle_x, uniq_edmund, uniq_eustachio
D:5:      layout_basic, nicolae_elyvilon_peaceful_grove, serial_shops, shop,
          gammafunk_ghost_hive, serial_park_tiny_2
D:6:      layout_basic, serial_shops, shop, dk_rats_in_the_wall
D:7:      layout_loops_ring, tgw_kikubaaqudgha, mainiacjoe_overflow_paths,
          gammafunk_ghost_cemetery
D:8:      layout_layer_cave, led_xom_imps, mainiacjoe_overflow_small_starburst,
          uniq_grum, uniq_joseph, uniq_maggie
D:9:      minmay_the_grid_square_5x5_3x3
          [minmay_the_grid_square_5x5_doubleslash,
          minmay_the_grid_square_5x5_spiral, minmay_the_grid_square_5x5_tie,
          minmay_the_grid_square_5x5_minivault,
          minmay_the_grid_square_5x5_megaprize_hollow,
          minmay_the_grid_square_5x5_inset, minmay_the_grid_square_5x5_shrine1,
          minmay_the_grid_square_5x5_dogpile,
          minmay_the_grid_square_5x5_shuriken], layout_rooms,
          mainiacjoe_overflow_six_doors_small, cheibrodos_ashenzari_chains,
          david_lair_shrubbed, chequers_hall_statues_y,
          hangedman_decor_opposing, kennysheep_decorative_pillar

Skill      XL: |  1  2  3  4  5  6  7  8  9 10 |
---------------+-------------------------------+-----
Unarmed Combat | 4 5 6 8 9 11 13 14 | 14.4
Fighting       | 3 4 5 6 |  6.0
Throwing       | 1 |  1.0
Dodging        | 1 |  1.2
Armour         | 1 3 |  3.0
Spellcasting   | |  1.0
Fire Magic     | |  2.1

Action                   |  1- 3 |  4- 6 |  7- 9 | 10-12 || total
-------------------------+-------+-------+-------+-------++-------
Melee: Unarmed           |    74 |    98 |   250 |    80 ||   502
       Punch             |     1 |     3 |     8 |     8 ||    20
Throw: Boomerang         |       |    18 |    58 |    17 ||    93
Invok: Fiery Armour      |       |     2 |     4 |     1 ||     7
  Use: Scroll            |     4 |     4 |     7 |     4 ||    19
       Potion            |       |     2 |     4 |     3 ||     9
Armor: Robe              |    23 |    26 |    76 |     1 ||   126
       Swamp dragon scal |       |       |       |    10 ||    10
Dodge: Dodged            |    27 |    35 |    94 |    32 ||   188

Table legend:
 A = Non-vault XP
 B = Vault XP
 C = Vault XP percentage of total XP
 D = Non-vault monster count
 E = Vault monster count
 F = Vault count percentage of total count
                 A         B        C        D         E       F
            +---------+---------+-------+---------+---------+-------
      Total |    5816 |    3521 |  37.7 |     134 |      62 |  31.6
            +---------+---------+-------+---------+---------+-------
        D:1 |      29 |       0 |   0.0 |      14 |       0 |   0.0
        D:2 |     109 |     116 |  51.6 |      11 |      17 |  60.7
        D:3 |     126 |      37 |  22.7 |      23 |       1 |   4.2
        D:4 |     580 |     393 |  40.4 |      15 |       7 |  31.8
        D:5 |     318 |       0 |   0.0 |       9 |       0 |   0.0
        D:6 |     441 |      82 |  15.7 |      19 |      21 |  52.5
        D:7 |    1476 |       0 |   0.0 |      28 |       0 |   0.0
        D:8 |    1801 |    1495 |  45.4 |      11 |       9 |  45.0
        D:9 |     936 |    1398 |  59.9 |       4 |       7 |  63.6
            +---------+---------+-------+---------+---------+-------
